 Dungeon Crawl Stone Soup version 0.32-a0-913-g739538afd8 (webtiles) character file.

Game seed: 997387217169489036

84 Fractals the Trooper (level 4, -2/38 HPs)
             Began as a Draconian Artificer on Apr 8, 2024.
             Slain by a gnoll bouda
             ... wielding a +0 club
              (7 damage)
             ... on level 2 of the Dungeon.
             The game lasted 00:04:31 (1288 turns).

Fractals the Trooper (Draconian Artificer)          Turns: 1288, Time: 00:04:32

Health: -2/38      AC:  5    Str: 17    XL:     4   Next: 23%
Magic:  4/4        EV: 11    Int: 11    God:
Gold:   66         SH:  0    Dex: 11    Spells: 3/3 levels left

rFire   . . .        f - +0 dagger (drain)
rCold   . . .        (no shield)
rNeg    . . .        (body armour unavailable)
rPois   .            (helmet restricted)
rElec   .            (no cloak)
rCorr   .            (no gloves)
SInv    .            (no boots)
Will    .....        (no amulet)
Stlth   ++           i - ring of flight
HPRegen 0.26/turn    (no ring)
MPRegen 0.09/turn

%: no passive effects
@: flying
A: AC +5, unfitting armour, cold-blooded
a: no special abilities


You were on level 2 of the Dungeon.
You visited 1 branch of the dungeon, and saw 2 of its levels.

You collected 66 gold pieces.

Inventory:

Hand Weapons
 f - a +0 dagger of draining (weapon)
Jewellery
 i - a ring of flight (left hand)
Wands
 b - a wand of flame (11) (quivered)
 c - a wand of charming (12)
 d - a wand of iceblast (2)
Potions
 a - 2 potions of curing
 e - a potion of heal wounds {unknown}
 g - a potion of enlightenment {unknown}


   Skills:
 + Level 3.2 Fighting
 - Level 2.1 Dodging
 + Level 2.9 Stealth
 - Level 3.0 Evocations


You had 3 spell levels left.
You didn't know any spells.
Your spell library was empty.

Dungeon Overview and Level Annotations

Branches:
Dungeon (2/15)

Altars:


Innate Abilities, Weirdness & Mutations

Your plain brown scales are hard. (AC +5)
You cannot fit into any form of body armour.
You are cold-blooded and may be slowed by cold attacks.


Message History

Unknown command.
Things that are here:
a +0 spear; a gnoll corpse
Aiming: Iceblast
Press: ? - help, Shift-Dir - straight line, p - gnoll bouda The mass of ice explodes!
The iceblast engulfs the gnoll bouda!
The gnoll bouda is almost dead.
You hear a shout!
The gnoll bouda mumbles some strange prayers to its god.
The gnoll bouda is healed somewhat.
Your attacks no longer feel as feeble.
Aiming: Charm
Press: ? - help, Shift-Dir - straight line, f - gnoll bouda
Aim: a gnoll bouda, wielding a +0 club and wearing a +0 robe (heavily wounded, chance to affect: 56%)
The gnoll bouda resists with significant effort.
The gnoll bouda hits you with a +0 club.
* * * LOW HITPOINT WARNING * * *
Aiming: Charm
Press: ? - help, Shift-Dir - straight line, f/p - gnoll bouda
Aim: a gnoll bouda, wielding a +0 club and wearing a +0 robe (heavily wounded, chance to affect: 56%)
The gnoll bouda resists with significant effort.
The gnoll bouda hits you with a +0 club.
* * * LOW HITPOINT WARNING * * *
You barely miss the gnoll bouda.
The gnoll bouda is heavily wounded.
The gnoll bouda misses you.
You hit the gnoll bouda.
The gnoll bouda is heavily wounded.
The gnoll bouda hits you with a +0 club.
* * * LOW HITPOINT WARNING * * *
You hit the gnoll bouda but do no damage.
The gnoll bouda is heavily wounded.
The gnoll bouda barely misses you.
You closely miss the gnoll bouda.
The gnoll bouda is heavily wounded.
The gnoll bouda barely misses you.
You hit the gnoll bouda.
The gnoll bouda is severely wounded.
The gnoll bouda hits you with a +0 club!
You die...

#... ... ##### #.g#
...# #...# #..####
....#
#)..#####)...#.....#
#..)...)).##.'....B.
##.###########....?.
#K# ..... #g#####
...# #.@...# #.#
#####.# # #<# #.#
#†###.# #.....#
#######


You could see a gnoll bouda and a kobold.

Vanquished Creatures
  4 gnolls (D:2)
  A dart slug (D:1)
  2 ball pythons (D:1)
  5 bats
  2 endoplasms (D:1)
  2 giant cockroaches
  2 goblins
  5 hobgoblins
  2 frilled lizards (D:1)
  5 kobolds (D:1)
  A rat (D:1)
31 creatures vanquished.

Vanquished Creatures (others)
  A gnoll (D:2)
1 creature vanquished.

Grand Total: 32 creatures vanquished

Notes
Turn   | Place    | Note
-------+----------+-------------------------------------------
     0 | D:1      | Fractals the Draconian Artificer began the quest for the
                  | Orb.
     0 | D:1      | Reached XP level 1. HP: 16/16 MP: 1/1
    81 | D:1      | Reached skill level 1 in Stealth
   164 | D:1      | Reached XP level 2. HP: 23/24 MP: 2/2
   734 | D:1      | Reached XP level 3. HP: 28/30 MP: 3/3
  1258 | D:2      | Reached XP level 4. HP: 30/38 MP: 4/4
  1273 | D:2      | HP: 1/38 [gnoll bouda/+0 club (2)]
  1288 | D:2      | Slain by a gnoll bouda

Illustrated notes

Levels and vault maps discovered:
D:1:      dpeg_arrival_circle_labyrinth_c, layout_basic, serial_park_tiny_pond
D:2:      layout_basic, serial_shops, shop

Skill      XL: |  1  2  3 |
---------------+----------+-----
Stealth        | 1 2 |  2.9
Fighting       | 2 3 |  3.2
Dodging        | |  2.1
Evocations     | |  3.0

Action                     |  1- 3 |  4- 6 || total
---------------------------+-------+-------++-------
  Melee: Dagger            |    82 |    13 ||    95
         Tailslap          |     4 |     1 ||     5
  Evoke: Wand              |     4 |     6 ||    10
    Use: Scroll            |       |     1 ||     1
         Potion            |       |     1 ||     1
   Stab: Sleeping          |     1 |       ||     1
 Armour: Skin              |    52 |    12 ||    64
  Dodge: Dodged            |    40 |     6 ||    46

Table legend: (Time is in decaauts)
 A = Elapsed time spent in this place.
 B = Non-inter-level travel time spent in this place.
 C = Inter-level travel time spent in this place.
 D = Time resting spent in this place.
 E = Time spent auto-exploring this place.
 F = Levels seen in this place.
 G = Mean time per level.
                   A        B        C        D        E       F      G
               +--------+--------+--------+--------+--------+-----+--------+
         Total |   1286 |   1230 |     56 |    139 |    752 |   2 |  643.0 |
       Dungeon |   1286 |   1230 |     56 |    139 |    752 |   2 |  643.0 |
               +--------+--------+--------+--------+--------+-----+--------+

Top non-repeatable levels by time:
     D:1: 1066 daAuts
     D:2: 220 daAuts
